 Dungeon Crawl Stone Soup version 0.31-a0-1338-gb567cfdca4 (webtiles) character file.

Game seed: 2553462422691100098

6 jasper the Caller (level 1, -1/13 HPs)
             Began as a Demonspawn Summoner on Dec 22, 2023.
             Slain by a rat (3 damage)
             ... on level 1 of the Dungeon.
             The game lasted 00:00:29 (179 turns).

jasper the Caller (Demonspawn Summoner)              Turns: 179, Time: 00:00:30

Health: -1/13      AC:  2    Str:  8    XL:     1   Next: 75%
Magic:  0/3        EV:  9    Int: 15    God:
Gold:   25         SH:  0    Dex: 13    Spells: 3/4 levels left

rFire   . . .        c - +0 mace
rCold   . . .        (no shield)
rNeg    . . .        a - +0 robe
rPois   .            (no helmet)
rElec   .            (no cloak)
rCorr   .            (no gloves)
SInv    .            (no boots)
Will    .....        (no amulet)
Stlth   ++           (no ring)
HPRegen 0.22/turn    (no ring)
MPRegen 0.08/turn

%: no passive effects
@: constricted
A: no striking features
a: no special abilities


You were on level 1 of the Dungeon.
You visited 1 branch of the dungeon, and saw 1 of its levels.

You collected 25 gold pieces.

Inventory:

Hand Weapons
 c - a +0 mace (weapon)
Armour
 a - a +0 robe (worn)
Potions
 b - a potion of magic


   Skills:
 - Level 1.7 Dodging
 - Level 1.7 Stealth
 - Level 2.0 Spellcasting
 + Level 4.3 Summonings


You had 3 spell levels left.
You knew the following spells:

 Your Spells              Type           Power      Damage    Failure   Level
a - Summon Small Mammal   Summ           56%        N/A       3%          1

Your spell library contained the following spells:

 Spells                   Type           Power      Damage    Failure   Level
 Call Imp                 Summ           28%        N/A       5%          2
 Call Canine Familiar     Summ           14%        N/A       11%         3
 Summon Guardian Golem    Hex/Summ       8%         N/A       26%         3
 Summon Lightning Spire   Summ/Air       8%         N/A       65%         4


Dungeon Overview and Level Annotations

Branches:
Dungeon (1/15)

Altars:


Message History

You closely miss the bat. The bat hits you but does no damage.
The bat hits your quokka but does no damage.
Your quokka completely misses the bat.
The bat hits your quokka but does no damage.
The goblin barely misses your quokka. The rat misses you.
The rat bites your quokka but does no damage.
Your quokka bites the rat but does no damage.
You hit the bat.
You kill the bat!
The bat hits you but does no damage.
The goblin completely misses your quokka.
The rat bites your quokka.
Your quokka dies!
Your quokka's corpse disappears in a puff of smoke!
The rat bites you.
You take 1 damage, and have 11/13 hp.
You closely miss the ball python. The bat hits you but does no damage. x2
The bat closely misses you. The rat completely misses you.
The ball python closely misses you. The ball python grabs you.
The ball python constricts you. The rat bites you.
The goblin hits you but does no damage. The ball python bites you.
The ball python constricts you.
You take 5 damage, and have 6/13 hp.
MASSIVE DAMAGE!!
Casting: Summon Small Mammal (safe; 3% risk of failure)
Press: ? - help, Q - select action Dir - look around, f - activate The rat closely misses you.
The goblin hits you with a +0 club.
* * * LOW HITPOINT WARNING * * *
The rat barely misses you.
The ball python bites you but does no damage.
The ball python constricts you.
* * * LOW HITPOINT WARNING * * *
You take 4 damage, and have 2/13 hp.
MASSIVE DAMAGE!!
Okay, then.
You aren't carrying any scrolls.
Casting: Summon Small Mammal (safe; 3% risk of failure)
Press: ? - help, Q - select action Dir - look around, f - activate The ball python bites you.
* * * LOW HITPOINT WARNING * * *
The ball python constricts you. The rat bites you.
You die...

........
##....$!
.......
..?..## ##
..... ...
.rr##....
#Sr......
#@rb#
#.g#.....
########..#
###
#.........#
#.........#
#.........#
#.........#
#.........#
########+.#


You could see a goblin, a bat, a ball python (ally target), 2 rats and 2
friendly rats.

Vanquished Creatures
  A ball python (D:1)
  A bat (D:1)
2 creatures vanquished.

Vanquished Creatures (collateral kills)
  An endoplasm (D:1)
  A giant cockroach (D:1)
  A kobold (D:1)
3 creatures vanquished.

Grand Total: 5 creatures vanquished

Notes
Turn   | Place    | Note
-------+----------+-------------------------------------------
     0 | D:1      | jasper the Demonspawn Summoner began the quest for the Orb.
     0 | D:1      | Reached XP level 1. HP: 13/13 MP: 3/3
   179 | D:1      | Slain by a rat

Illustrated notes

Levels and vault maps discovered:
D:1:      dpeg_arrival_radiant, layout_basic, minivault_11,
          nicolae_figureground_pulse

Action                     || total
---------------------------++-------
  Melee: Unarmed           ||    11
         Mace              ||     7
   Cast: Summon Small Mamm ||    10
   Stab: Distracted        ||     1
 Armour: Robe              ||    23
  Dodge: Dodged            ||    17

Table legend: (Time is in decaauts)
 A = Elapsed time spent in this place.
 B = Non-inter-level travel time spent in this place.
 C = Inter-level travel time spent in this place.
 D = Time resting spent in this place.
 E = Time spent auto-exploring this place.
 F = Levels seen in this place.
 G = Mean time per level.
                   A        B        C        D        E       F      G
               +--------+--------+--------+--------+--------+-----+--------+
         Total |    181 |    181 |      0 |      0 |    112 |   1 |  181.0 |
       Dungeon |    181 |    181 |      0 |      0 |    112 |   1 |  181.0 |
               +--------+--------+--------+--------+--------+-----+--------+

Top non-repeatable levels by time:
     D:1: 181 daAuts
